 Dungeon Crawl Stone Soup version 0.31-a0-182-gc5ef74bbde (webtiles) character file.

Game seed: 17817374168809470682

26897 qw the Cleaver (level 13, 0/82 HPs)
             Began as a Gargoyle Fighter on June 20, 2023.
             Was a High Priest of Okawaru.
             Shot with an arrow by Nessos (5 damage)
             ... on level 3 of the Lair of Beasts.
             The game lasted 00:06:29 (12073 turns).

qw the Cleaver (Gargoyle Fighter)                  Turns: 12073, Time: 00:06:30

Health: 0/82       AC: 37    Str: 26    XL:     13   Next: 28%
Magic:  17/20      EV: 10    Int:  8    God:    Okawaru [*****.]
Gold:   556        SH: 11    Dex: 11    Spells: 12/12 levels left

rFire   . . .        Y - +3 broad axe (elec)
rCold   + . .        c - +0 buckler
rNeg    + . .        u - +0 plate armour
rPois   inf          o - +2 helmet
rElec   +            (no cloak)
rCorr   .            m - +1 pair of gloves
SInv    +            w - +1 pair of boots
Will    +....        v - amulet of reflection Stlth
                     p - ring of see invisible
HPRegen 0.33/turn    k - ring of willpower
MPRegen 0.17/turn

%: reflection
@: heroic, finesse-ful
A: sickness immunity, AC +9, negative energy resistance 1, electricity
resistance, torment resistance 1, petrification resistance, iridescent scales 1,
thin skeletal structure 1, cold resistance 1
a: Renounce Religion, Heroism, Finesse, Duel


You were on level 3 of the Lair of Beasts.
You worshipped Okawaru.
Okawaru was extremely pleased with you.
You visited 2 branches of the dungeon, and saw 11 of its levels.

You collected 795 gold pieces.
You spent 239 gold pieces at shops.


Innate Abilities, Weirdness & Mutations

You are immune to sickness and miasma.
Your stone body is resilient. (AC +9)
You are immune to poison.
You resist negative energy. (rN+)
You are resistant to electric shocks. (rElec)
You are resistant to unholy torment.
You are immune to petrification.
You are partially covered in iridescent scales. (AC +2)
You have a somewhat thin skeletal structure. (Dex +2, Stealth+)
Your flesh is cold resistant. (rC+)


   Skills:
 - Level 10.0(15.0) Fighting
 + Level 13.9(18.9) Axes
 - Level 2.0(7.0) Throwing
 - Level 10.2(15.2) Armour
 - Level 2.3(7.3) Dodging
 - Level 6.0(11.0) Shields
 - Level 10.0 Invocations


You had 12 spell levels left.
You didn't know any spells.
Your spell library was empty.

Inventory:

Hand Weapons
 e - a +0 flail
 Y - a +3 broad axe of electrocution (weapon)
Missiles
 g - 5 boomerangs (quivered)
Armour
 c - a +0 buckler (worn)
 j - a +0 kite shield of protection
 m - a +1 pair of gloves (worn)
 o - a +2 helmet (worn)
 u - a +0 plate armour (worn)
 w - a +1 pair of boots (worn)
 x - +0 acid dragon scales
Jewellery
 a - a ring of resist corrosion
 f - a ring of resist corrosion
 k - a ring of willpower (right hand)
 p - a ring of see invisible (left hand)
 v - an amulet of reflection (around neck)
 z - a ring of protection from cold
Wands
 s - a wand of digging (5)
Scrolls
 y - a scroll of identify
Potions
 b - a potion of mutation
 d - a potion of might
 h - 2 potions of lignification
 i - a potion of magic
 l - 5 potions of curing
 q - 2 potions of attraction
 r - 3 potions of enlightenment
 t - a potion of haste

Dungeon Overview and Level Annotations

Branches:
Dungeon (8/15)             Temple (0/1) D:6            Lair (3/5) D:8
 Spider (0/4) Lair:3
  Swamp: Lair:2-3    Shoals: Lair:2-3

Altars:
Elyvilon
Okawaru
Zin

Shops:
D:8 [

Annotations:
D:7 exclusion: ice statue
Lair:3 Nessos


Message History

Enter note:
Enter note:
Enter note:
Enter note:
Enter note:
Enter note: Nessos shoots an arrow.
The arrow misses you.
Enter note:
Enter note:
Enter note:
Enter note:
Enter note:
Enter note:
Enter note:
Enter note:
Enter note:
Enter note:
Enter note:
Enter note:
Enter note:
Enter note:
Enter note: Nessos shoots an arrow.
The arrow hits you! The arrow burns you.
Enter note:
Enter note:
Enter note:
Enter note:
Enter note:
Enter note:
Enter note:
Enter note:
Enter note:
Enter note:
Enter note:
Enter note:
Enter note:
Enter note:
Enter note: Nessos shoots an arrow.
The arrow hits you! The arrow burns you.
You die...

..77 7. #........# %..77
.77 #........## 77..77
#7. .7#..........
777..77#.###.#..........
.777..7#.#.#.#...>......
#777.....'.#............
#77..77#.#.#%#%.....<...
77..77 #.###.#..........
7..77 #7...7#..@.......
..77 7.777#..........
.77 77.77#...c...... 77
77.7#.......... 7
7.77#.......... #####
### #.......... ....7
........... 7777..7
............ ...7


You could see Nessos (fast, extremely poisoned).

Vanquished Creatures
  A dire elephant (Lair:1)
  2 hydras (Lair:3)
  4 catoblepae (Lair:3)
  A death yak (Lair:3)
  6 elephants (Lair:1)
  3 black mambas
  2 torpor snails (Lair:3)
  10 cane toads
  2 kobold demonologists (D:8)
  6 komodo dragons
  3 polar bears
  A troll (D:7)
  15 blink frogs
  30 yaks
  2 wyverns
  A steam dragon (D:6)
  Eustachio (D:6)
  An acid dragon (D:8)
  9 water moccasins
  An orc warrior (D:8)
  2 ice beasts
  2 black bears
  4 wolves (Lair:3)
  A centaur (D:7)
  2 ogres (D:5)
  A phantom (D:5)
  4 kobold brigands
  12 bullfrogs
  7 scorpions
  3 wights (D:7)
  5 killer bees (D:8)
  5 howler monkeys
  3 electric eels (D:8)
  9 hounds
  A jelly (D:4)
  An orc priest (D:4)
  2 iguanas
  4 hell rats (Lair:2)
  5 orc wizards
  Robin (D:3)
  6 gnolls
  5 adders
  A shadow imp (D:6)
  3 white imps
  6 worms
  4 dart slugs
  23 orcs
  7 bats
  9 endoplasms
  4 giant cockroaches
  16 goblins
  6 hobgoblins
  8 jackals
  7 quokkas
  6 ball pythons
  10 frilled lizards
  16 kobolds
  6 rats
318 creatures vanquished.

Notes
Turn   | Place    | Note
-------+----------+-------------------------------------------
     0 | D:1      | qw the Gargoyle Fighter began the quest for the Orb.
     0 | D:1      | Reached XP level 1. HP: 14/14 MP: 1/1
     0 | D:1      | 0 ||| qw: Version: 0.3-a-9-g12657ce
     0 | D:1      | 0 ||| qw: Game counter: 1458
     0 | D:1      | 0 ||| qw: Always use a shield: true
     0 | D:1      | 0 ||| qw: God list: Okawaru
     0 | D:1      | 0 ||| qw: Allow faded altars: false
     0 | D:1      | 0 ||| qw: Do Orc after D:15 true
     0 | D:1      | 0 ||| qw: Do second Lair branch before Depths: true
     0 | D:1      | 0 ||| qw: Lair rune preference: random
     0 | D:1      | 0 ||| qw: Plans: Normal, Zot:1-4, Slime:5, God:TSO, Crypt,
                  | Tomb, Abyss, Pan, Hells, Win
     0 | D:1      | 0 ||| PLANNING D:1-11
    95 | D:1      | Reached skill level 2 in Axes
   296 | D:1      | Reached XP level 2. HP: 17/19 MP: 2/2
   882 | D:1      | Reached skill level 3 in Axes
   882 | D:1      | Found a faded altar of an unknown god.
  1118 | D:1      | 1118 ||| READING scroll labelled RUVVAI SIOCA.
  1119 | D:1      | 1119 ||| READING scroll labelled OGGAFOEVUCH.
  1120 | D:1      | 1120 ||| READING scroll labelled MIAKUN QUTICS.
  1121 | D:1      | 1121 ||| READING scroll labelled WOCZUTSY KIUSE.
  1185 | D:2      | Reached XP level 3. HP: 23/23 MP: 3/3
  1387 | D:2      | 1387 ||| Stepping ~*~*~tactically~*~*~ (hiding).
  1428 | D:2      | 1428 ||| Stepping ~*~*~tactically~*~*~ (stealth).
  1709 | D:2      | 1709 ||| Stepping ~*~*~tactically~*~*~ (stealth).
  1835 | D:2      | 1835 ||| Stepping ~*~*~tactically~*~*~ (hiding).
  2234 | D:2      | 2234 ||| UPGRADING to +0 chain mail.
  2244 | D:2      | 2244 ||| DROPPING +0 scale mail.
  2245 | D:2      | 2245 ||| UPGRADING to ring of willpower.
  2246 | D:2      | 2246 ||| UPGRADING to ring of resist corrosion.
  2247 | D:2      | 2247 ||| DRINKING 2 red potions.
  2289 | D:3      | Found an iron altar of Okawaru.
  2290 | D:3      | 2290 ||| PLANNING OKAWARU WORSHIP
  2298 | D:3      | 2298 ||| Stepping ~*~*~tactically~*~*~ (hiding).
  2411 | D:3      | 2411 ||| DRINKING 2 fizzy grey potions.
  2411 | D:3      | Gained mutation: Your flesh is cold resistant. (rC+)
                  | [potion of mutation]
  2411 | D:3      | Gained mutation: You are partially covered in iridescent
                  | scales. (AC +2) [potion of mutation]
  2411 | D:3      | Gained mutation: You have a somewhat thin skeletal
                  | structure. (Dex +2, Stealth+) [potion of mutation]
  2419 | D:3      | Became a worshipper of Warmaster Okawaru
  2420 | D:3      | 2420 ||| PLANNING D:1-11
  2422 | D:3      | 2422 ||| DROPPING +0 whip.
  2672 | D:3      | 2672 ||| Stepping ~*~*~tactically~*~*~ (stealth).
  3044 | D:3      | Reached XP level 4. HP: 28/28 MP: 4/4
  3053 | D:3      | 3053 ||| Stepping ~*~*~tactically~*~*~ (stealth).
  3059 | D:3      | Reached skill level 1 in Throwing
  3065 | D:3      | Noticed a kobold brigand
  3076 | D:3      | Killed a kobold brigand
  3077 | D:3      | Reached skill level 4 in Axes
  3077 | D:3      | Reached XP level 5. HP: 29/32 MP: 5/5
  3206 | D:3      | 3206 ||| UPGRADING to +0 pair of gloves.
  3211 | D:3      | 3211 ||| READING scroll labelled SAJUBL XESCHI.
  3212 | D:3      | 3212 ||| READING scroll labelled QENOIQ XEYBLYR.
  3260 | D:4      | 3260 ||| Stepping ~*~*~tactically~*~*~ (stealth).
  3343 | D:4      | Reached skill level 5 in Axes
  3358 | D:4      | 3358 ||| Stepping ~*~*~tactically~*~*~ (stealth).
  3469 | D:4      | 3469 ||| Stepping ~*~*~tactically~*~*~ (stealth).
  3477 | D:4      | Reached XP level 6. HP: 34/37 MP: 6/6
  3485 | D:4      | Reached skill level 1 in Dodging
  3515 | D:4      | 3515 ||| DROPPING +0 mace.
  3532 | D:4      | 3532 ||| READING scroll of enchant armour.
  3532 | D:4      | 3532 ||| ENCHANTING +0 pair of gloves.
  3597 | D:4      | 3597 ||| Stepping ~*~*~tactically~*~*~ (stealth).
  3809 | D:4      | 3809 ||| READING scroll labelled JEZEIK FASEINN.
  3812 | D:4      | 3812 ||| READING scroll labelled OHISALURRY.
  3837 | D:4      | 3837 ||| STAIRDANCE
  3841 | D:4      | 3841 ||| STAIRDANCE
  3845 | D:4      | 3845 ||| STAIRDANCE
  3849 | D:4      | 3849 ||| STAIRDANCE
  3853 | D:4      | 3853 ||| STAIRDANCE
  3857 | D:4      | 3857 ||| STAIRDANCE
  3861 | D:4      | 3861 ||| STAIRDANCE
  3865 | D:4      | 3865 ||| STAIRDANCE
  3869 | D:4      | 3869 ||| STAIRDANCE
  3873 | D:4      | 3873 ||| STAIRDANCE
  3877 | D:4      | 3877 ||| STAIRDANCE
  3881 | D:4      | 3881 ||| STAIRDANCE
  3885 | D:4      | 3885 ||| STAIRDANCE
  3889 | D:4      | 3889 ||| STAIRDANCE
  3893 | D:4      | 3893 ||| STAIRDANCE
  3897 | D:4      | 3897 ||| STAIRDANCE
  3901 | D:4      | 3901 ||| STAIRDANCE
  3905 | D:4      | 3905 ||| STAIRDANCE
  3909 | D:4      | 3909 ||| STAIRDANCE
  3913 | D:4      | 3913 ||| STAIRDANCE
  4025 | D:3      | 4025 ||| Stepping ~*~*~tactically~*~*~ (stealth).
  4041 | D:3      | Noticed Robin
  4053 | D:3      | Killed Robin
  4057 | D:3      | 4057 ||| Stepping ~*~*~tactically~*~*~ (stealth).
  4085 | D:3      | 4085 ||| Stepping ~*~*~tactically~*~*~ (hiding).
  4136 | D:3      | 4136 ||| Stepping ~*~*~tactically~*~*~ (stealth).
  4191 | D:3      | 4191 ||| Stepping ~*~*~tactically~*~*~ (stealth).
  4254 | D:3      | 4254 ||| UPGRADING to +2 helmet.
  4259 | D:3      | 4259 ||| DRINKING 2 smoky grey potions.
  4260 | D:3      | 4260 ||| DROPPING potion of degeneration.
  4330 | D:4      | Reached * piety under Okawaru
  4332 | D:4      | 4332 ||| Stepping ~*~*~tactically~*~*~ (stealth).
  4337 | D:4      | 4337 ||| Stepping ~*~*~tactically~*~*~ (hiding).
  4342 | D:4      | 4342 ||| INVOKING Heroism.
  4356 | D:4      | 4356 ||| Stepping ~*~*~tactically~*~*~ (stealth).
  4357 | D:4      | 4357 ||| Stepping ~*~*~tactically~*~*~ (stealth).
  4358 | D:4      | 4358 ||| Stepping ~*~*~tactically~*~*~ (stealth).
  4359 | D:4      | 4359 ||| Stepping ~*~*~tactically~*~*~ (stealth).
  4457 | D:4      | 4457 ||| INVOKING Heroism.
  4462 | D:4      | Reached XP level 7. HP: 43/43 MP: 4/7
  4596 | D:4      | 4596 ||| READING scroll labelled XIRELE LOBBI.
  4612 | D:5      | Entered Level 5 of the Dungeon
  4636 | D:5      | Reached skill level 6 in Axes
  4637 | D:5      | Reached skill level 1 in Invocations
  4654 | D:5      | 4654 ||| Stepping ~*~*~tactically~*~*~ (stealth).
  4655 | D:5      | 4655 ||| Stepping ~*~*~tactically~*~*~ (stealth).
  4659 | D:5      | 4659 ||| INVOKING Heroism.
  4694 | D:5      | 4694 ||| SWAPPING to +0 broad axe.
  4695 | D:5      | 4695 ||| DROPPING +1 war axe.
  4700 | D:5      | 4700 ||| READING scroll of enchant weapon.
  4700 | D:5      | 4700 ||| ENCHANTING +0 broad axe.
  4756 | D:5      | 4756 ||| INVOKING Heroism.
  4762 | D:5      | Reached skill level 7 in Axes
  4998 | D:5      | 4998 ||| Stepping ~*~*~tactically~*~*~ (stealth).
  5001 | D:5      | 5001 ||| Stepping ~*~*~tactically~*~*~ (stealth).
  5004 | D:5      | 5004 ||| INVOKING Heroism.
  5007 | D:5      | Reached skill level 3 in Invocations
  5007 | D:5      | Reached XP level 8. HP: 48/48 MP: 6/10
  5020 | D:5      | 5020 ||| Stepping ~*~*~tactically~*~*~ (stealth).
  5040 | D:5      | 5040 ||| Stepping ~*~*~tactically~*~*~ (stealth).
  5043 | D:5      | 5043 ||| Stepping ~*~*~tactically~*~*~ (stealth).
  5283 | D:5      | 5283 ||| DROPPING +1 hat.
  5284 | D:5      | 5284 ||| READING scroll labelled MUESEU QE VIRO.
  5285 | D:5      | 5285 ||| READING scroll labelled ALEAHI USOD.
  5286 | D:5      | 5286 ||| READING scroll labelled NUABIS ILADE.
  5287 | D:5      | 5287 ||| DRINKING 2 metallic ruby potions.
  5459 | D:6      | 5459 ||| Stepping ~*~*~tactically~*~*~ (stealth).
  5515 | D:6      | 5515 ||| FLEEEEING.
  5516 | D:6      | 5516 ||| FLEEEEING.
  5517 | D:6      | 5517 ||| FLEEEEING.
  5520 | D:6      | 5520 ||| FLEEEEING.
  5521 | D:6      | 5521 ||| FLEEEEING.
  5522 | D:6      | 5522 ||| FLEEEEING.
  5523 | D:6      | 5523 ||| FLEEEEING.
  5524 | D:6      | 5524 ||| FLEEEEING.
  5525 | D:6      | 5525 ||| FLEEEEING.
  5743 | D:6      | 5743 ||| INVOKING Heroism.
  5755 | D:6      | Reached ** piety under Okawaru
  5756 | D:6      | Reached skill level 8 in Axes
  5760 | D:6      | Found a staircase to the Ecumenical Temple.
  5795 | D:6      | 5795 ||| INVOKING Heroism.
  5799 | D:6      | 5799 ||| Stepping ~*~*~tactically~*~*~ (hiding).
  5821 | D:6      | Noticed Eustachio
  5822 | D:6      | Reached XP level 9. HP: 54/54 MP: 12/12
  5845 | D:6      | Killed Eustachio
  5846 | D:6      | Reached skill level 6 in Fighting
  6040 | D:6      | 6040 ||| READING scroll of enchant weapon.
  6040 | D:6      | 6040 ||| ENCHANTING +1 broad axe of chaos.
  6055 | D:6      | 6055 ||| READING scroll labelled LIOSOH CARO.
  6056 | D:6      | 6056 ||| READING scroll labelled TAMMEIG IT JAI.
  6057 | D:6      | 6057 ||| DRINKING 2 glowing black potions.
  6058 | D:6      | 6058 ||| DRINKING 2 fuming purple potions.
  6059 | D:6      | 6059 ||| DROPPING potion of invisibility.
  6239 | D:7      | Found a white marble altar of Elyvilon.
  6241 | D:7      | 6241 ||| Stepping ~*~*~tactically~*~*~ (stealth).
  6291 | D:7      | 6291 ||| INVOKING Heroism.
  6300 | D:7      | HP: 12/55 [wight/+1 war axe of draining (10)]
  6301 | D:7      | 6301 ||| READING scroll of teleportation.
  6499 | D:7      | 6499 ||| Stepping ~*~*~tactically~*~*~ (hiding).
  6663 | D:7      | Reached skill level 9 in Axes
  6688 | D:7      | 6688 ||| Stepping ~*~*~tactically~*~*~ (hiding).
  7246 | D:7      | Noticed an ice statue
  7247 | D:7      | 7247 ||| INVOKING Heroism.
  7250 | D:7      | 7250 ||| UPGRADING to +0 plate armour.
  7262 | D:7      | 7262 ||| DROPPING +0 chain mail.
  7486 | D:8      | Found a glowing silver altar of Zin.
  7537 | D:8      | Found Ruoplu's Armour Shop.
  7544 | D:8      | Noticed a kobold demonologist
  7544 | D:8      | Noticed a kobold demonologist
  7545 | D:8      | 7545 ||| Stepping ~*~*~tactically~*~*~ (hiding).
  7551 | D:8      | Noticed a soul eater
  7558 | D:8      | 7558 ||| INVOKING Heroism.
  7560 | D:8      | Killed a kobold demonologist
  7561 | D:8      | Reached skill level 6 in Armour
  7562 | D:8      | Noticed a rust devil
  7562 | D:8      | Killed a kobold demonologist
  7618 | D:8      | 7618 ||| BUYING +0 pair of boots (67 gold).
  7618 | D:8      | Bought a +0 pair of boots for 67 gold pieces
  7618 | D:8      | 7618 ||| BUYING +1 pair of boots (172 gold).
  7618 | D:8      | Bought a +1 pair of boots for 172 gold pieces
  7618 | D:8      | 7618 ||| SHOPLISTING +2 plate armour of positive energy
                  | (555 gold, have 245).
  7618 | D:8      | 7618 ||| SHOPLISTING +3 chain mail of cold resistance (397
                  | gold, have 245).
  7618 | D:8      | 7618 ||| SHOPLISTING +6 plate armour of the Maze {Harm
                  | rCorr} (984 gold, have 245).
  7633 | D:8      | Reached *** piety under Okawaru
  7635 | D:8      | 7635 ||| READING scroll of brand weapon.
  7635 | D:8      | 7635 ||| BRANDING +2 broad axe of chaos.
  7636 | D:8      | 7636 ||| DROPPING +1 war axe of draining.
  7637 | D:8      | 7637 ||| DROPPING +0 hand axe.
  7663 | D:8      | 7663 ||| INVOKING Heroism.
  7682 | D:8      | 7682 ||| INVOKING Heroism.
  7687 | D:8      | Reached XP level 10. HP: 24/63 MP: 10/13
  7699 | D:8      | 7699 ||| INVOKING Heroism.
  7704 | D:8      | 7704 ||| FLEEEEING.
  7705 | D:8      | 7705 ||| FLEEEEING.
  7706 | D:8      | 7706 ||| FLEEEEING.
  7707 | D:8      | 7707 ||| FLEEEEING.
  7708 | D:8      | 7708 ||| FLEEEEING.
  7709 | D:8      | 7709 ||| FLEEEEING.
  7710 | D:8      | 7710 ||| FLEEEEING.
  7711 | D:8      | 7711 ||| FLEEEEING.
  7712 | D:8      | 7712 ||| FLEEEEING.
  7713 | D:8      | 7713 ||| FLEEEEING.
  7714 | D:8      | 7714 ||| FLEEEEING.
  7715 | D:8      | 7715 ||| FLEEEEING.
  7716 | D:8      | 7716 ||| FLEEEEING.
  7717 | D:8      | 7717 ||| FLEEEEING.
  7718 | D:8      | 7718 ||| FLEEEEING.
  7719 | D:8      | 7719 ||| FLEEEEING.
  7720 | D:8      | 7720 ||| FLEEEEING.
  7721 | D:8      | 7721 ||| FLEEEEING.
  7722 | D:8      | 7722 ||| FLEEEEING.
  7723 | D:8      | 7723 ||| FLEEEEING.
  7724 | D:8      | 7724 ||| FLEEEEING.
  7725 | D:8      | 7725 ||| FLEEEEING.
  7726 | D:8      | 7726 ||| FLEEEEING.
  7727 | D:8      | 7727 ||| FLEEEEING.
  7728 | D:8      | 7728 ||| FLEEEEING.
  7729 | D:8      | 7729 ||| FLEEEEING.
  7730 | D:8      | 7730 ||| FLEEEEING.
  7731 | D:8      | 7731 ||| FLEEEEING.
  7732 | D:8      | 7732 ||| FLEEEEING.
  7733 | D:8      | 7733 ||| FLEEEEING.
  7734 | D:8      | 7734 ||| FLEEEEING.
  7735 | D:8      | 7735 ||| FLEEEEING.
  7736 | D:8      | 7736 ||| FLEEEEING.
  7737 | D:8      | 7737 ||| FLEEEEING.
  7738 | D:8      | 7738 ||| FLEEEEING.
  7739 | D:8      | 7739 ||| FLEEEEING.
  7740 | D:8      | 7740 ||| STAIRDANCE
  7851 | D:7      | 7851 ||| UPGRADING to +0 pair of boots.
  7856 | D:7      | 7856 ||| UPGRADING to +1 pair of boots.
  7866 | D:7      | 7866 ||| DROPPING +0 pair of boots.
  7867 | D:7      | 7867 ||| UPGRADING to ring of protection from cold.
  7871 | D:8      | 7871 ||| STAIRDANCE
  7873 | D:7      | 7873 ||| INVOKING Heroism.
  8084 | D:8      | Reached skill level 10 in Axes
  8125 | D:8      | Found a staircase to the Lair.
  8155 | D:8      | 8155 ||| Stepping ~*~*~tactically~*~*~ (hiding).
  8157 | D:8      | 8157 ||| Stepping ~*~*~tactically~*~*~ (hiding).
  8160 | D:8      | 8160 ||| INVOKING Heroism.
  8284 | D:8      | 8284 ||| INVOKING Heroism.
  8535 | D:8      | 8535 ||| Stepping ~*~*~tactically~*~*~ (hiding).
  8537 | D:8      | 8537 ||| Stepping ~*~*~tactically~*~*~ (hiding).
  8660 | D:8      | 8660 ||| PLANNING LAIR
  8660 | D:8      | 8660 ||| UPGRADING to amulet of reflection.
  8665 | D:8      | 8665 ||| READING 2 scrolls of identify.
  8665 | D:8      | 8665 ||| IDENTIFYING smoky emerald potion
  8722 | Lair:1   | Entered Level 1 of the Lair of Beasts
  8728 | Lair:1   | 8728 ||| STAIRDANCE
  8761 | Lair:1   | 8761 ||| STAIRDANCE
  8843 | Lair:1   | Noticed a cane toad
  8844 | Lair:1   | 8844 ||| INVOKING Heroism.
  8849 | Lair:1   | Killed a cane toad
  8975 | Lair:1   | Noticed a cane toad
  8976 | Lair:1   | 8976 ||| INVOKING Heroism.
  8980 | Lair:1   | Killed a cane toad
  9003 | Lair:1   | 9003 ||| INVOKING Heroism.
  9008 | Lair:1   | Reached skill level 11 in Axes
  9008 | Lair:1   | Reached XP level 11. HP: 50/68 MP: 11/14
  9008 | Lair:1   | Reached **** piety under Okawaru
  9068 | Lair:1   | 9068 ||| READING scroll of enchant weapon.
  9068 | Lair:1   | 9068 ||| ENCHANTING +2 broad axe of electrocution.
  9088 | Lair:1   | 9088 ||| INVOKING Heroism.
  9116 | Lair:1   | 9116 ||| INVOKING Heroism.
  9158 | Lair:1   | Noticed a dire elephant
  9159 | Lair:1   | 9159 ||| INVOKING Heroism.
  9162 | Lair:1   | 9162 ||| Stepping ~*~*~tactically~*~*~ (stealth).
  9171 | Lair:1   | HP: 17/69 [dire elephant (3)]
  9172 | Lair:1   | 9172 ||| READING scroll of teleportation.
  9173 | Lair:1   | 9173 ||| DRINKING potion of heal wounds.
  9273 | Lair:1   | 9273 ||| INVOKING Heroism.
  9288 | Lair:1   | Reached skill level 9 in Fighting
  9327 | Lair:1   | 9327 ||| INVOKING Heroism.
  9444 | Lair:1   | 9444 ||| Stepping ~*~*~tactically~*~*~ (stealth).
  9446 | Lair:1   | 9446 ||| Stepping ~*~*~tactically~*~*~ (stealth).
  9459 | Lair:1   | 9459 ||| FLEEEEING.
  9460 | Lair:1   | 9460 ||| FLEEEEING.
  9461 | Lair:1   | 9461 ||| FLEEEEING.
  9477 | Lair:1   | 9477 ||| INVOKING Heroism.
  9479 | Lair:1   | Reached skill level 6 in Invocations
  9578 | Lair:1   | 9578 ||| Stepping ~*~*~tactically~*~*~ (stealth).
  9620 | Lair:1   | 9620 ||| INVOKING Heroism.
  9633 | Lair:1   | Killed a dire elephant
  9634 | Lair:1   | 9634 ||| FLEEEEING.
  9635 | Lair:1   | 9635 ||| FLEEEEING.
  9636 | Lair:1   | 9636 ||| FLEEEEING.
  9792 | Lair:1   | 9792 ||| INVOKING Heroism.
  9807 | Lair:1   | Reached skill level 12 in Axes
  9957 | Lair:1   | 9957 ||| UPGRADING to ring of see invisible.
  9959 | Lair:1   | 9959 ||| UPGRADING to ring of willpower.
  9961 | Lair:1   | 9961 ||| READING scroll labelled SUEXKAYMPU.
 10062 | Lair:1   | 10062 ||| DRINKING 2 glowing brown potions.
 10098 | Lair:1   | 10098 ||| DRINKING 2 ruby potions.
 10146 | Lair:2   | 10146 ||| INVOKING Heroism.
 10149 | Lair:2   | 10149 ||| Stepping ~*~*~tactically~*~*~ (stealth).
 10166 | Lair:2   | Received a gift from Okawaru
 10173 | Lair:2   | Reached XP level 12. HP: 68/76 MP: 17/17
 10173 | Lair:2   | 10173 ||| INVOKING Heroism.
 10224 | Lair:2   | 10224 ||| Stepping ~*~*~tactically~*~*~ (stealth).
 10225 | Lair:2   | 10225 ||| Stepping ~*~*~tactically~*~*~ (stealth).
 10234 | Lair:2   | 10234 ||| INVOKING Heroism.
 10238 | Lair:2   | Reached skill level 9 in Armour
 10376 | Lair:2   | 10376 ||| Stepping ~*~*~tactically~*~*~ (stealth).
 10377 | Lair:2   | 10377 ||| Stepping ~*~*~tactically~*~*~ (stealth).
 10378 | Lair:2   | 10378 ||| Stepping ~*~*~tactically~*~*~ (stealth).
 10388 | Lair:2   | Reached skill level 6 in Shields
 10400 | Lair:2   | Reached ***** piety under Okawaru
 10512 | Lair:2   | Reached skill level 9 in Invocations
 10541 | Lair:2   | 10541 ||| Stepping ~*~*~tactically~*~*~ (stealth).
 10685 | Lair:2   | 10685 ||| INVOKING Heroism.
 10767 | Lair:2   | 10767 ||| INVOKING Heroism.
 11235 | Lair:2   | 11235 ||| READING 2 scrolls labelled NICKEH RIBIQA.
 11236 | Lair:2   | 11236 ||| DRINKING 3 bubbling amethyst potions.
 11237 | Lair:2   | 11237 ||| DROPPING scroll of revelation.
 11238 | Lair:2   | 11238 ||| DROPPING 2 potions of brilliance.
 11265 | Lair:3   | 11265 ||| INVOKING Heroism.
 11318 | Lair:3   | 11318 ||| Stepping ~*~*~tactically~*~*~ (stealth).
 11335 | Lair:3   | 11335 ||| Stepping ~*~*~tactically~*~*~ (stealth).
 11364 | Lair:3   | 11364 ||| Stepping ~*~*~tactically~*~*~ (stealth).
 11389 | Lair:3   | Found a hole to the Spider Nest.
 11396 | Lair:3   | 11396 ||| INVOKING Heroism.
 11434 | Lair:3   | 11434 ||| INVOKING Heroism.
 11506 | Lair:3   | 11506 ||| Stepping ~*~*~tactically~*~*~ (stealth).
 11509 | Lair:3   | 11509 ||| INVOKING Heroism.
 11593 | Lair:3   | 11593 ||| INVOKING Heroism.
 11677 | Lair:3   | Noticed a catoblepas
 11678 | Lair:3   | 11678 ||| Stepping ~*~*~tactically~*~*~ (hiding).
 11679 | Lair:3   | 11679 ||| Stepping ~*~*~tactically~*~*~ (hiding).
 11680 | Lair:3   | 11680 ||| INVOKING Heroism.
 11681 | Lair:3   | 11681 ||| INVOKING Finesse.
 11685 | Lair:3   | Killed a catoblepas
 11701 | Lair:3   | 11701 ||| Stepping ~*~*~tactically~*~*~ (stealth).
 11706 | Lair:3   | Reached skill level 13 in Axes
 11714 | Lair:3   | Noticed a catoblepas
 11724 | Lair:3   | Killed a catoblepas
 11803 | Lair:3   | Noticed a death yak
 11803 | Lair:3   | Noticed a catoblepas
 11803 | Lair:3   | Noticed a four-headed hydra
 11803 | Lair:3   | Noticed a five-headed hydra
 11804 | Lair:3   | 11804 ||| Stepping ~*~*~tactically~*~*~ (stealth).
 11805 | Lair:3   | 11805 ||| INVOKING Heroism.
 11806 | Lair:3   | 11806 ||| SWAPPING to +0 flail.
 11817 | Lair:3   | Killed a four-headed hydra
 11818 | Lair:3   | 11818 ||| INVOKING Finesse.
 11823 | Lair:3   | Killed a five-headed hydra
 11823 | Lair:3   | Noticed a catoblepas
 11824 | Lair:3   | Reached XP level 13. HP: 37/82 MP: 14/20
 11824 | Lair:3   | 11824 ||| SWAPPING to +3 broad axe of electrocution.
 11830 | Lair:3   | Received a gift from Okawaru
 11992 | Lair:3   | 11992 ||| INVOKING Heroism.
 12034 | Lair:3   | Noticed Nessos
 12035 | Lair:3   | 12035 ||| INVOKING Finesse.
 12062 | Lair:3   | 12062 ||| INVOKING Heroism.
 12066 | Lair:3   | 12066 ||| Stepping ~*~*~tactically~*~*~ (hiding).
 12072 | Lair:3   | HP: 16/82 [Nessos/arrow (15)]
 12073 | Lair:3   | HP: 5/82 [Nessos/arrow (10)]
 12073 | Lair:3   | Shot with an arrow by Nessos

Levels and vault maps discovered:
D:1:      sevenhm_arrival_forest_fort_large_2, layout_basic,
          dreamdust_ecumenical_altar_angels_and_demons, patterned_corridor
D:2:      layout_basic
D:3:      minmay_chambers_of_threes, layout_basic, okawaru_ov_weapons_minmay,
          uniq_robin
D:4:      layout_loops_cross, kennysheep_orc_chapel
D:5:      layout_basic
D:6:      layout_loops_ring, temple_fountains, minmay_lizard_king,
          uniq_eustachio
D:7:      lemuel_ice_statue, layout_basic, lemuel_tele_altar
D:8:      layout_basic, mainiacjoe_overflow_small_starburst, erik_lair_island,
          serial_shops, nicolae_shop_trees
Lair:1:   layout_concentric_octagons, enter_volcano_4,
          nicolae_lair_grazing_beasts [nicolae_sub_lair_graze_edge,
          nicolae_sub_lair_graze_edge, nicolae_sub_lair_graze_edge,
          nicolae_sub_lair_graze_edge], grunt_megastairs_3
Lair:2:   layout_small_grid
Lair:3:   nzn_winding_woodlands_cross [nzn_winding_woodlands_5x15_cabin,
          nzn_winding_woodlands_5x15_jagged, nzn_winding_woodlands_5x15_eye,
          nzn_winding_woodlands_5x15_garden,
          nzn_winding_woodlands_15x15_thick_spiral], layout_regular_city,
          minmay_swamp_entry_worms, nicolae_spider_entry_non_spiders,
          serial_bayou_pond_d, beast_lair_carwin_3, uniq_nessos

Skill      XL: |  1  2  3  4  5  6  7  8  9 10 11 12 |
---------------+-------------------------------------+-----
Axes           | 2 3 4 5 7 8 9 11 12 13 | 13.9
Throwing       | 1 2 |  2.0
Dodging        | 1 2 |  2.3
Fighting       | 4 5 7 8 9 10 | 10.0
Invocations    | 3 4 7 10 | 10.0
Armour         | 4 6 7 8 10 | 10.2
Shields        | 4 5 6 |  6.0

Action                     |  1- 3 |  4- 6 |  7- 9 | 10-12 | 13-15 || total
---------------------------+-------+-------+-------+-------+-------++-------
  Melee: War axe           |    96 |   167 |    19 |       |       ||   282
         Broad axe         |       |       |   213 |   358 |    53 ||   624
         Flail             |       |       |       |    16 |       ||    16
  Throw: Javelin           |    12 |    30 |    27 |    13 |       ||    82
         Boomerang         |       |       |       |    71 |     9 ||    80
 Invoke: Heroism           |       |     2 |    10 |    27 |     2 ||    41
         Finesse           |       |       |       |     2 |     1 ||     3
    Use: Scroll            |     4 |     5 |    10 |     5 |       ||    24
         Potion            |     2 |     1 |     3 |     4 |       ||    10
 Armour: Scale mail        |    43 |       |       |       |       ||    43
         Chain mail        |     6 |    93 |    95 |       |       ||   194
         Plate armour      |       |       |    41 |   272 |    15 ||   328
  Dodge: Dodged            |    41 |    49 |   105 |   104 |     8 ||   307
  Block: Buckler           |    16 |    23 |    53 |   166 |    11 ||   269
         Reflection        |       |       |       |       |     2 ||     2

Table legend:
 A = Non-vault XP
 B = Vault XP
 C = Vault XP percentage of total XP
 D = Non-vault monster count
 E = Vault monster count
 F = Vault count percentage of total count
                 A         B        C        D         E       F
            +---------+---------+-------+---------+---------+-------
      Total |   22885 |   15540 |  40.4 |     235 |      83 |  26.1
            +---------+---------+-------+---------+---------+-------
        D:1 |      32 |       0 |   0.0 |      19 |       0 |   0.0
        D:2 |      30 |       0 |   0.0 |      17 |       0 |   0.0
        D:3 |      45 |     164 |  78.5 |      19 |      25 |  56.8
        D:4 |     298 |      55 |  15.6 |      30 |       5 |  14.3
        D:5 |     942 |       0 |   0.0 |      15 |       0 |   0.0
        D:6 |     852 |     227 |  21.0 |      12 |       4 |  25.0
        D:7 |     851 |     291 |  25.5 |      15 |       1 |   6.2
        D:8 |    2801 |     252 |   8.3 |      38 |       6 |  13.6
     Lair:1 |    4445 |    6163 |  58.1 |      16 |      16 |  50.0
     Lair:2 |    6778 |       0 |   0.0 |      30 |       0 |   0.0
     Lair:3 |    5811 |    8388 |  59.1 |      24 |      26 |  52.0
            +---------+---------+-------+---------+---------+-------
